 Dungeon Crawl Stone Soup version 0.21.1-1-g345015f (webtiles) character file.

161 tidbits the Insei (level 5, 13/47 HPs)
             Began as a Gnoll Monk on Feb 8, 2018.
             Quit the game on level 4 of the Dungeon.
             The game lasted 00:04:33 (508 turns).

tidbits the Insei (Gnoll Monk)                       Turns: 508, Time: 00:04:34

Health: 13/47      AC:  2    Str: 14    XL:     5   Next: 42%
Magic:  7/7        EV: 17    Int: 13    God:
Gold:   102        SH:  0    Dex: 17    Spells: 6/6 levels left

rFire    . . .     SeeInvis .     - Unarmed
rCold    . . .     Gourm    .   (no shield)
rNeg     . . .     Faith    .   a - +0 robe
rPois    .         Spirit   .   (no helmet)
rElec    .         Reflect  .   (no cloak)
rCorr    .         Harm     .   (no gloves)
MR       .....                  (no boots)
Stlth    +++.......             (no amulet)
HPRegen  0.15/turn              (no ring)
MPRegen  0.10/turn              (no ring)

@: berserk cooldown
A: distributed training, fangs 1, strong nose
a: no special abilities


You were on level 4 of the Dungeon.
You were completely stuffed.

You visited 1 branch of the dungeon, and saw 6 of its levels.

You collected 102 gold pieces.

Inventory:

Hand Weapons
 j - a +0 hunting sling
 l - a +0 short sword
Armour
 a - a +0 robe (worn)
Scrolls
 c - a scroll of fog {unknown}
 d - a scroll of magic mapping {unknown}
 g - a scroll of identify {unknown}
 h - a scroll of remove curse {unknown}
 m - a scroll of amnesia {unknown}
Potions
 e - a potion of flight {unknown}
 f - a potion of cancellation
 i - a potion of curing
 k - a potion of magic {unknown}
 o - 2 potions of invisibility {unknown}
Comestibles
 b - 4 rations


   Skills:
 + Level 6.7 Fighting
 + Level 1.4 Short Blades
 + Level 1.4 Long Blades
 + Level 1.4 Axes
 + Level 1.4 Maces & Flails
 + Level 1.4 Polearms
 + Level 1.4 Staves
 + Level 1.4 Slings
 + Level 1.4 Bows
 + Level 1.4 Crossbows
 + Level 1.4 Throwing
 + Level 1.4 Armour
 + Level 6.7 Dodging
 + Level 4.4 Stealth
 + Level 1.4 Shields
 + Level 6.7 Unarmed Combat
 + Level 1.4 Spellcasting
 + Level 1.1 Conjurations
 + Level 1.1 Hexes
 + Level 1.1 Charms
 + Level 1.1 Summonings
 + Level 1.1 Necromancy
 + Level 1.1 Translocations
 + Level 1.1 Transmutations
 + Level 1.1 Fire Magic
 + Level 1.1 Ice Magic
 + Level 1.1 Air Magic
 + Level 1.1 Earth Magic
 + Level 1.1 Poison Magic
 + Level 1.6 Invocations
 + Level 1.4 Evocations


You had 6 spell levels left.
You didn't know any spells.

Dungeon Overview and Level Annotations

Branches:
Dungeon (6/15)
 Temple: D:4-7

Altars:
Okawaru
Yredelemnul

Annotations:
D:2 1 runed door
D:5 Edmund


Innate Abilities, Weirdness & Mutations

Your experience applies equally to all skills.
You have very sharp teeth.
Your uncanny sense of smell can sniff out nearby items.


Message History

Found 7 gold pieces.
There is a stone staircase leading down here.
Unknown command.
Found a ration.
You feel yourself speed up.
You see here a ration.
You eat the ration.
That ration really hit the spot!
Found a puce potion.
You recover from your berserk rage.
You see here a puce potion.
o - 2 puce potions (gained 1)
There is a stone staircase leading down here.
You climb downwards.
There is a stone staircase leading up here.
Unknown command.
Found 10 gold pieces.
Found a stone staircase leading down.
An adder skeleton comes into view.
You see here 10 gold pieces.
You now have 102 gold pieces (gained 10).
There is a stone staircase leading down here.
You don't know any spells.
You hit the adder skeleton.
You punch the adder skeleton, but do no damage.
The adder skeleton is moderately damaged.
The adder skeleton bites you.
You hit the adder skeleton.
The adder skeleton is heavily damaged.
The adder skeleton misses you.
You punch the adder skeleton!
You destroy the adder skeleton!
Your Conjurations skill increases to level 1!
Your Hexes skill increases to level 1!
Your Charms skill increases to level 1!
Your Summonings skill increases to level 1!
Your Necromancy skill increases to level 1!
Your Translocations skill increases to level 1!
Your Transmutations skill increases to level 1!
Your Fire Magic skill increases to level 1!
Your Ice Magic skill increases to level 1!
Your Air Magic skill increases to level 1!
Your Earth Magic skill increases to level 1!
Your Poison Magic skill increases to level 1!
You climb downwards.
A bullfrog, 3 killer bees and 3 orcs come into view.
An orc priest is wielding a mace of protection.
The killer bee buzzes angrily.
There is a stone staircase leading up here.
The bullfrog hits you. The killer bee stings you.
* * * LOW HITPOINT WARNING * * *
The bullfrog hits you.
* * * LOW HITPOINT WARNING * * *
The killer bee misses you.
You climb upwards.
There is a stone staircase leading down here.
Unknown command.
You barely miss the bullfrog. Your bite misses the bullfrog.
The bullfrog hits you.
* * * LOW HITPOINT WARNING * * *
A red film seems to cover your vision as you go berserk!
You feel yourself moving faster!
You feel mighty! The bullfrog completely misses you.
The bullfrog barely misses you.
You barely miss the bullfrog. You punch the bullfrog!
The bullfrog is severely wounded.
You closely miss the bullfrog.
The bullfrog is severely wounded.
The bullfrog closely misses you.
You punch the bullfrog!
You kill the bullfrog!
You have reached level 5!
You feel a strong urge to attack something.
Found 5 gold pieces.
You feel your anger nearly subside.
You are no longer berserk.
You are exhausted.
You feel yourself slow down.
Edmund the Younger comes into view.
He is wielding a flail of protection.
Press: ? - help, . - travel You can't see that place. [the floor.] Placed new exclusion.
Found an escape hatch in the ceiling.
There is an escape hatch in the ceiling here.
A mysterious force pulls you upwards. The hatch slams shut behind you.
An orc and an orc priest come into view.
The orc shouts!
You hear an angry hiss.
Found an escape hatch in the ceiling.
You closely miss the orc.
The orc priest shouts!
Your bite misses the orc. The orc misses you. The orc hits you with a hand axe.
* * * LOW HITPOINT WARNING * * *
The orc hits you but does no damage.
You feel yourself speed up.
You punch the orc!
You kill the orc!
Okay, then.
You aren't carrying any items that you can evoke.
Unknown command.
Okay, then.
Are you sure you want to abandon this character and quit the game? (Confirm with "yes".)

#........#
...<....#
.....o.
..... ###
... ...
#o##.###..
#.........
##)#.#.#.
#@# #.#
#.# #.#
#.# #.#
#.# #.#
#l# #..
..# ###
#.# #.#


You could see an orc priest.

Vanquished Creatures
  A bullfrog (D:5)
  A water moccasin skeleton (D:5)
  3 adders (D:2)
  An adder skeleton (D:5)
  2 dart slugs
  An orc (D:4)
  A goblin (D:2)
  2 hobgoblins (D:2)
  A quokka (D:5)
  A bat (D:1)
  A frilled lizard (D:2)
  A jackal skeleton (D:2)
  4 kobolds (D:2)
  A leopard gecko zombie (D:6)
  2 rats (D:2)
23 creatures vanquished.

Notes
Turn   | Place    | Note
-------+----------+-------------------------------------------
     0 | D:1      | tidbits the Gnoll Monk began the quest for the Orb.
     0 | D:1      | Reached XP level 1. HP: 23/23 MP: 1/1
     2 | D:2      | Found an iron altar of Okawaru.
    38 | D:2      | Reached XP level 2. HP: 29/29 MP: 2/2
   117 | D:2      | Reached XP level 3. HP: 30/35 MP: 3/3
   236 | D:2      | Reached skill level 1 in Invocations
   280 | D:2      | Noticed a human
   281 | D:2      | Found a runed door.
   286 | D:2      | Found a basalt altar of Yredelemnul.
   349 | D:5      | Entered Level 5 of the Dungeon
   400 | D:5      | Reached skill level 1 in Short Blades
   400 | D:5      | Reached skill level 1 in Long Blades
   400 | D:5      | Reached skill level 1 in Axes
   400 | D:5      | Reached skill level 1 in Maces & Flails
   400 | D:5      | Reached skill level 1 in Polearms
   400 | D:5      | Reached skill level 1 in Staves
   400 | D:5      | Reached skill level 1 in Slings
   400 | D:5      | Reached skill level 1 in Bows
   400 | D:5      | Reached skill level 1 in Crossbows
   400 | D:5      | Reached skill level 1 in Throwing
   400 | D:5      | Reached skill level 1 in Armour
   400 | D:5      | Reached skill level 1 in Shields
   400 | D:5      | Reached skill level 1 in Spellcasting
   400 | D:5      | Reached skill level 1 in Evocations
   400 | D:5      | Reached XP level 4. HP: 19/41 MP: 5/5
   475 | D:5      | Reached skill level 1 in Conjurations
   475 | D:5      | Reached skill level 1 in Hexes
   475 | D:5      | Reached skill level 1 in Charms
   475 | D:5      | Reached skill level 1 in Summonings
   475 | D:5      | Reached skill level 1 in Necromancy
   475 | D:5      | Reached skill level 1 in Translocations
   475 | D:5      | Reached skill level 1 in Transmutations
   475 | D:5      | Reached skill level 1 in Fire Magic
   475 | D:5      | Reached skill level 1 in Ice Magic
   475 | D:5      | Reached skill level 1 in Air Magic
   475 | D:5      | Reached skill level 1 in Earth Magic
   475 | D:5      | Reached skill level 1 in Poison Magic
   477 | D:6      | Noticed a bullfrog
   477 | D:6      | Noticed an orc warrior
   484 | D:5      | Killed a bullfrog
   484 | D:5      | Reached XP level 5. HP: 18/47 MP: 5/7
   491 | D:5      | Noticed Edmund
   508 | D:4      | Quit the game

Skill      XL: |  1  2  3  4 |
---------------+-------------+-----
Invocations    | 1 |  1.6
Short Blades   | 1 |  1.4
Long Blades    | 1 |  1.4
Axes           | 1 |  1.4
Maces & Flails | 1 |  1.4
Polearms       | 1 |  1.4
Staves         | 1 |  1.4
Slings         | 1 |  1.4
Bows           | 1 |  1.4
Crossbows      | 1 |  1.4
Throwing       | 1 |  1.4
Armour         | 1 |  1.4
Shields        | 1 |  1.4
Spellcasting   | 1 |  1.4
Evocations     | 1 |  1.4
Conjurations   | 1 |  1.1
Hexes          | 1 |  1.1
Charms         | 1 |  1.1
Summonings     | 1 |  1.1
Necromancy     | 1 |  1.1
Translocations | 1 |  1.1
Transmutations | 1 |  1.1
Fire Magic     | 1 |  1.1
Ice Magic      | 1 |  1.1
Air Magic      | 1 |  1.1
Earth Magic    | 1 |  1.1
Poison Magic   | 1 |  1.1
Fighting       | |  6.7
Dodging        | |  6.7
Stealth        | |  4.4
Unarmed Combat | |  6.7

Action                   |  1- 3 |  4- 6 || total
-------------------------+-------+-------++-------
Melee: Unarmed           |    73 |     9 ||    82
       Bite              |     7 |       ||     7
       Punch             |     1 |     2 ||     3
  Use: Potion            |     3 |     2 ||     5
       Scroll            |     1 |       ||     1
 Stab: Sleeping          |     2 |       ||     2
  Eat: Ration            |     1 |     1 ||     2
Armor: Robe              |     3 |       ||     3
Dodge: Dodged            |    52 |     6 ||    58

Table legend:
 A = Turns spent in this place as a percentage of turns spent in the entire game.
 B = Non-inter-level travel turns spent in this place as a percentage of non-inter-level travel turns spent in the entire game.
 C = Inter-level travel turns spent in this place as a percentage of turns spent in this place.
 D = Turns resting spent in this place as a percentage of non-inter-level travel turns spent in this place.
 E = Turns spent auto-exploring this place as a percentage of non-inter-level travel turns spent in this place.
 F = Non-inter-level travel turns spent in this place divided by the number of levels of this place that you've seen.
                   A       B       C       D       E      F
               +-------+-------+-------+-------+-------+----------------------
         Total | 100.0 | 100.0 |   0.0 |   0.0 |   0.0 |  84.7
       Dungeon | 100.0 | 100.0 |   0.0 |   0.0 |   0.0 |  84.7
               +-------+-------+-------+-------+-------+----------------------

Table legend:
 A = Kills in this place as a percentage of kills in entire the game.
 B = Kills by you in this place as a percentage of kills by you in the entire game.
 C = Kills by friends in this place as a percentage of kills by friends in the entire game.
 D = Other kills in this place as a percentage of other kills in the entire game.
 E = Experience gained in this place as a percentage of experience gained in the entire game.
 F = Experience gained in this place divided by the number of levels of this place that you have seen.
                   A       B       C       D       E      F
               +-------+-------+-------+-------+-------+----------------------
         Total | 100.0 | 100.0 |   N/A |   N/A | 100.0 |  38.3
       Dungeon | 100.0 | 100.0 |   N/A |   N/A | 100.0 |  38.3
               +-------+-------+-------+-------+-------+----------------------

Vault maps used:
D:1:      dpeg_arrival_stonehenge_8_columns
D:2:      lemuel_upstairs_altar, lemuel_crystal_altar, zin_scriptorium,
          dk_yredelemnul_ordeal
D:3:      fedhas_altar_fruit_tree, marbit_many_paths, grunt_gozag_breadcrumbs,
          nemelex_xobeh_ov_fountains_minmay
D:4:      grunt_dithmenos_smoke_and_mirrors, serial_shops, shop_fountains, shop,
          shop_fountains, nicolae_shop_waterfront, first_ration
D:5:      uniq_edmund
D:6:      tgw_sif, minmay_temple_entry_fiery, nemelex_diamond_rough_becter
